 Dungeon Crawl Stone Soup version 0.19.5 (webtiles) character file.

218 Lizzreth the Bolt Thrower (level 5, -3/37 HPs)
             Began as a Minotaur Hunter on Mar 20, 2017.
             Was a Follower of Hepliaklqana.
             Slain by Sigmund
             ... wielding a +0 scythe
              (5 damage)
             ... on level 3 of the Dungeon.
             The game lasted 00:13:50 (1926 turns).

Lizzreth the Bolt Thrower (Minotaur Hunter)         Turns: 1926, Time: 00:13:50

Health: -3/37      AC:  4    Str: 13 (16) XL:     5   Next: 63%
Magic:  4/4        EV: 12    Int:  7 (8)  God:    Hepliaklqana [*.....]
Gold:   86         SH:  0    Dex: 11 (12) Spells: 0 memorised, 4 levels left

rFire  . . .     SeeInvis .     q - +2 falchion (protect)
rCold  . . .     Gourm    .     c - +0 leather armour
rNeg   . . .     Faith    .     (no shield)
rPois  .         Spirit   .     (helmet restricted)
rElec  .         Reflect  .     (no cloak)
rCorr  .         Harm     .     (no gloves)
MR     .....                    u - +0 pair of boots
Stlth  +.........               (no amulet)
                                (no ring)
                                (no ring)

@: no status effects
A: retaliatory headbutt, reduced essence, horns 2
a: Recall Ancestor, Ancestor Identity, Renounce Religion


You were on level 3 of the Dungeon.
You worshipped Hepliaklqana.
Hepliaklqana was aware of your devotion.
You were not hungry.

You visited 1 branch of the dungeon, and saw 3 of its levels.

You collected 86 gold pieces.

Inventory:

Hand Weapons
 q - a +2 falchion of protection (weapon)
 t - a +0 arbalest
Missiles
 d - 87 bolts
 k - 29 arrows
Armour
 c - a +0 leather armour (worn)
 u - a +0 pair of boots (worn)
Scrolls
 a - a scroll of fear {unknown}
 e - a scroll of fog {unknown}
 g - 3 scrolls of identify {unknown}
 i - 2 scrolls of noise {unknown}
 m - 2 scrolls of teleportation {unknown}
 n - a scroll of recharging {unknown}
 p - 2 scrolls of remove curse {unknown}
 r - 2 scrolls of random uselessness {unknown}
Potions
 l - a potion of magic
 s - 2 potions of heal wounds
 w - a potion of invisibility {unknown}
Comestibles
 b - 2 fruits
 f - 4 bread rations
 h - 3 meat rations
 o - a slice of pizza
 v - a chunk of flesh


   Skills:
 - Level 2.4 Fighting
 + Level 7.6 Crossbows
 - Level 2.1 Dodging
 - Level 0.7 Stealth


You had 4 spell levels left.
You didn't know any spells.

Dungeon Overview and Level Annotations

Branches:
Dungeon (3/15)

Altars:
Hepliaklqana
Ru

Annotations:
D:3 Sigmund


Innate Abilities, Weirdness & Mutations

You reflexively headbutt those who attack you in melee.
You have a pair of horns on your head.
Your life essence is reduced. (-10% HP)


Message History

It was a potion of degeneration.
There was something very wrong with that liquid.
You feel weakened.
You feel dopey.
You feel clumsy.
It was a potion of magic.
Magic courses through your body.
You bump into the rock wall.
Something hits you.
You feel less confused.
A magic dart appears from out of thin air!
The magic dart hits you!
You are confused.
You bump into the rock wall.
Something hits you!
You're too confused to move!
You hear some strange, mumbled words.
A magic dart appears from out of thin air!
The magic dart hits you!
* * * LOW HITPOINT WARNING * * *
You feel less confused. Something hits you.
* * * LOW HITPOINT WARNING * * *
Something hits you.
You die...

# #............ #
#..#########. #
#..#########. #
#........R.#. #
###############+#######.#.
#
........................#.
#
..................####..#.
# ..................#
...#. #
#...@........#####.#. #
#.............((...#. #
#....#########.#########.
# #.... #... #. # #...
##### #. # #... #.
#########.. #. ...........
#. ######## #.


There were no monsters in sight!

Vanquished Creatures
  The ghost of Dustman the Shooter, an amateur HEHu (D:3)
  Terence (D:2)
  5 adders
  2 worms
  A dart slug (D:1)
  2 leopard geckos
  6 bats
  4 giant cockroaches
  5 goblins
  4 hobgoblins (D:2)
  10 jackals
  7 kobolds
  A quokka (D:3)
  2 frilled lizards (D:2)
  5 rats
56 creatures vanquished.

Vanquished Creatures (collateral kills)
  An ooze (D:3)
  A dart slug (D:3)
2 creatures vanquished.

Vanquished Creatures (others)
  2 ancestors (D:3)
2 creatures vanquished.

Grand Total: 60 creatures vanquished

Notes
Turn   | Place    | Note
-------+----------+-------------------------------------------
     0 | D:1      | Lizzreth the Minotaur Hunter began the quest for the Orb.
     0 | D:1      | Reached XP level 1. HP: 18/18 MP: 0/0
    43 | D:1      | Reached XP level 2. HP: 25/25 MP: 1/1
    58 | D:1      | Reached skill level 5 in Crossbows
   272 | D:1      | You fall through a shaft!
   312 | D:2      | Found a hazy altar of Hepliaklqana.
   324 | D:2      | Reached XP level 3. HP: 24/30 MP: 2/2
   364 | D:2      | Found a sacrificial altar of Ru.
   422 | D:2      | Became a worshipper of Hepliaklqana the Forgotten
   525 | D:2      | Noticed Terence
   544 | D:2      | Killed Terence
   544 | D:2      | Reached skill level 6 in Crossbows
   846 | D:2      | Reached XP level 4. HP: 32/33 MP: 3/3
  1632 | D:3      | Noticed Dustman's ghost (amateur HEHu)
  1639 | D:3      | Killed Dustman's ghost
  1639 | D:3      | Reached skill level 7 in Crossbows
  1639 | D:3      | Reached XP level 5. HP: 37/37 MP: 4/4
  1898 | D:3      | Noticed Sigmund
  1904 | D:3      | Reached * piety under Hepliaklqana
  1926 | D:3      | Slain by Sigmund

Skill      XL: |  1  2  3  4 |
---------------+-------------+-----
Crossbows      | 5 6 7 |  7.6
Fighting       | |  2.4
Dodging        | |  2.1
Stealth        | |  0.7

Action                   |  1- 3 |  4- 6 || total
-------------------------+-------+-------++-------
Melee: Short sword       |    62 |       ||    62
       Headbutt          |    14 |     2 ||    16
       Falchion          |     3 |    32 ||    35
 Fire: Hand crossbow     |    26 |       ||    26
       Arbalest          |     2 |    24 ||    26
  Use: Potion            |       |     2 ||     2
 Stab: Distracted        |       |     1 ||     1
  Eat: Chunk             |       |     3 ||     3
Armor: Leather armour    |    21 |    14 ||    35
Dodge: Dodged            |    54 |    22 ||    76
       Rpst.: Falchion   |       |     5 ||     5
